 Dungeon Crawl Stone Soup version 0.22-a0-433-gd2a9cce (webtiles) character file.

622 iamserjio the Slinger (level 7, 0/67 HPs)
             Began as a Halfling Hunter on May 28, 2018.
             Slain by a hornet (6 damage)
             ... on level 4 of the Dungeon.
             The game lasted 00:15:49 (4089 turns).

iamserjio the Slinger (Halfling Hunter)             Turns: 4089, Time: 00:15:50

Health: 0/67       AC:  6    Str: 19    XL:     7   Next: 75%
Magic:  17/17      EV: 16    Int:  9    God:
Gold:   131        SH:  0    Dex: 16    Spells: 6/6 levels left

rFire    . . .     SeeInvis .   w - +1 dagger (venom)
rCold    . . .     Gourm    .   (shield restricted)
rNeg     . . .     Faith    .   r - +0 ring mail (curse)
rPois    .         Spirit   .   (no helmet)
rElec    .         Reflect  .   (no cloak)
rCorr    .         Harm     .   (no gloves)
MR       .....                  s - +0 pair of boots
Stlth    ..........             q - amulet of rage
HPRegen  0.21/turn              h - ring of magical power
MPRegen  0.15/turn              (no ring)

@: berserking, lethally poisoned (0 -> -3), slowed
A: small, mutation resistance 1
a: Evoke Berserk Rage


You were on level 4 of the Dungeon.
You were near starving.

You visited 1 branch of the dungeon, and saw 4 of its levels.

You collected 131 gold pieces.

Inventory:

Hand Weapons
 a - a +1 hunting sling
 w - a +1 dagger of venom (weapon)
Missiles
 d - 26 sling bullets
 e - 39 stones (quivered)
Armour
 r - a cursed +0 ring mail (worn)
 s - a +0 pair of boots (worn)
Jewellery
 h - a ring of magical power (left hand)
 q - an amulet of rage (around neck)
Scrolls
 b - a scroll of identify
 i - 3 scrolls of remove curse
 m - a scroll of fear
 t - a scroll of magic mapping {unknown}
Potions
 j - a potion of invisibility
 k - a potion of curing
 l - a potion of flight {unknown}
 o - a potion of heal wounds {unknown}
 p - a potion of agility {unknown}
 u - a potion of magic {unknown}
 v - a potion of cancellation {unknown}
Comestibles
 f - 3 rations


   Skills:
 - Level 2.0 Fighting
 + Level 3.7 Short Blades
 * Level 9.1 Slings
 + Level 2.5 Armour
 + Level 4.3 Dodging
 - Level 1.1 Stealth
 + Level 2.1 Evocations


You had 6 spell levels left.
You didn't know any spells.
Your spell library was empty.

Dungeon Overview and Level Annotations

Branches:
Dungeon (4/15)
 Temple: D:4-7

Altars:
Dithmenos
Hepliaklqana
Makhleb
Sif Muna
Wu Jian
Zin
The Shining One

Annotations:
D:4 nono's ghost, amateur BaFi


Innate Abilities, Weirdness & Mutations

You are small and have problems with some larger weapons.
You are somewhat resistant to further mutation.


Message History

You feel yourself moving faster!
You feel mighty!
You are near starving!
The hornet stings you!
You feel as though you will be slow longer.
The hornet stings you but does no damage.
You hit the hornet but do no damage.
The hornet is poisoned.
The hornet is heavily wounded.
The hornet stings you!
* * * LOW HITPOINT WARNING * * *
You are poisoned.
You feel as though you will be slow longer.
You closely miss the hornet.
The hornet is heavily wounded.
You feel sick. The hornet stings you.
* * * LOW HITPOINT WARNING * * *
You feel as though you will be slow longer.
You puncture the hornet!
The hornet looks as sick as possible!
The hornet is almost dead.
The hornet closely misses you. The hornet stings you.
You die...

#. #. . ###. .#
.(.### ..#
##..(###.###
####......(%#oo
(...$..>....##
.##..##y###...ยง
# #@# .##
#.#####..
#.##..>. #.##...
#.##..# ##.##..#
#...#..#
#.#....#
#...#.##


You could see a hornet.

Vanquished Creatures
  The ghost of pyroka the Charmwright, an amateur GnSk (D:3)
  2 scorpions (D:4)
  A hound (D:4)
  A bullfrog skeleton (D:4)
  2 orc wizards (D:4)
  Terence (D:2)
  3 worker ants (D:3)
  4 gnolls
  5 adders
  A worm (D:4)
  8 dart slugs
  A leopard gecko (D:2)
  6 orcs
  2 bats
  5 giant cockroaches
  3 hobgoblins
  9 jackals
  2 quokkas (D:3)
  4 frilled lizards
  A goblin (D:3)
  8 kobolds
  2 leopard gecko skeletons (D:4)
  6 rats
78 creatures vanquished.

Notes
Turn   | Place    | Note
-------+----------+-------------------------------------------
     0 | D:1      | iamserjio the Halfling Hunter began the quest for the Orb.
     0 | D:1      | Reached XP level 1. HP: 14/14 MP: 1/1
    53 | D:1      | Reached skill level 6 in Slings
    68 | D:1      | Reached XP level 2. HP: 11/19 MP: 2/2
   682 | D:1      | Reached skill level 1 in Short Blades
   832 | D:1      | Reached XP level 3. HP: 23/24 MP: 3/3
  1210 | D:2      | Reached XP level 4. HP: 24/29 MP: 4/4
  1497 | D:2      | Reached skill level 7 in Slings
  1603 | D:2      | Found a glowing golden altar of the Shining One.
  1676 | D:2      | Reached XP level 5. HP: 28/34 MP: 5/5
  1857 | D:2      | Noticed Terence
  1889 | D:2      | Killed Terence
  2144 | D:3      | Reached skill level 1 in Armour
  2144 | D:3      | Reached XP level 6. HP: 35/39 MP: 6/6
  2200 | D:3      | Found a shadowy altar of Dithmenos.
  2366 | D:3      | Found a deep blue altar of Sif Muna.
  2405 | D:3      | Noticed pyroka's ghost (amateur GnSk)
  2501 | D:3      | Found a hazy altar of Hepliaklqana.
  2582 | D:3      | Reached skill level 1 in Evocations
  2844 | D:3      | Killed pyroka's ghost
  2844 | D:3      | Reached skill level 8 in Slings
  2906 | D:4      | Reached XP level 7. HP: 44/45 MP: 8/8
  2970 | D:4      | Noticed a hornet
  3473 | D:4      | Found an ornate altar of the Wu Jian Council.
  3520 | D:4      | Reached skill level 9 in Slings
  3568 | D:4      | Found a burning altar of Makhleb.
  3573 | D:4      | Noticed a green death
  3574 | D:4      | Found a glowing silver altar of Zin.
  3575 | D:4      | Noticed an angel
  3640 | D:4      | Noticed nono's ghost (amateur BaFi)
  4089 | D:4      | Slain by a hornet

Vault maps used:
D:1:      ncdulo_halloftheorcs, minmay_misc_feat_x
D:2:      nicolae_overflow_hidden_temple, uniq_terence
D:3:      lemuel_doored_altar, marbit_many_paths, lemuel_round_altar
D:4:      grunt_temple_overflow_order_and_chaos_2,
          nicolae_gozag_cash_rules_everything_around_me,
          overflow_temple_1_default, first_ration, minivault_25,
          minmay_a_box_with_orc_wizards_in_it

Skill      XL: |  1  2  3  4  5  6  7 |
---------------+----------------------+-----
Slings         | 6 7 8 9 |  9.1
Fighting       | 2 |  2.0
Short Blades   | 1 2 3 |  3.7
Dodging        | 3 4 |  4.3
Armour         | 1 2 |  2.5
Evocations     | 1 2 |  2.1
Stealth        | |  1.1

Action                   |  1- 3 |  4- 6 |  7- 9 || total
-------------------------+-------+-------+-------++-------
Melee: Short sword       |       |    25 |       ||    25
       Dagger            |       |       |     3 ||     3
 Fire: Hunting sling     |    81 |   157 |    93 ||   331
 Abil: Evoke Berserk Rag |       |     2 |     1 ||     3
  Use: Scroll            |       |     6 |       ||     6
  Eat: Chunk             |       |     6 |     4 ||    10
Armor: Leather armour    |     5 |     2 |       ||     7
       Ring mail         |       |     2 |    17 ||    19
Dodge: Dodged            |    30 |    43 |    28 ||   101

Table legend:
 A = Spawn XP
 B = Non-spawn XP
 C = Spawn XP percentage of total XP
 D = Spawn monster count
 E = Non-spawn monster count
 F = Spawn count percentage of total count
 G = Total turns spent on level
                    A         B        C        D         E        F      G
               +---------+---------+-------+---------+---------+-------+---------
         Total |       0 |     889 |   0.0 |       0 |      78 |   0.0 |  4089
               +---------+---------+-------+---------+---------+-------+---------
           D:1 |       0 |      44 |   0.0 |       0 |      16 |   0.0 |  1099
           D:2 |       0 |     171 |   0.0 |       0 |      30 |   0.0 |  1049
           D:3 |       0 |     326 |   0.0 |       0 |      16 |   0.0 |  1452
           D:4 |       0 |     348 |   0.0 |       0 |      16 |   0.0 |   489
               +---------+---------+-------+---------+---------+-------+---------
